 Dungeon Crawl Stone Soup version 0.23.0 (webtiles) character file.

Game seed: 14216448820429428102

18 tidbits the Charmwright (level 2, 2/26 HPs)
             Began as a Gnoll Skald on Feb 11, 2019.
             Quit the game on level 1 of the Dungeon.
             The game lasted 00:00:57 (71 turns).

tidbits the Charmwright (Gnoll Skald)                 Turns: 71, Time: 00:00:58

Health: 2/26       AC:  3    Str: 13    XL:     2   Next: 66%
Magic:  2/7        EV: 14    Int: 15    God:
Gold:   8          SH:  0    Dex: 14    Spells: 5/10 levels left

rFire    . . .     SeeInvis .   a - +0 spear
rCold    . . .     Gourm    .   (no shield)
rNeg     . . .     Faith    .   b - +0 leather armour
rPois    .         Spirit   .   (no helmet)
rElec    .         Reflect  .   (no cloak)
rCorr    .         Harm     .   (no gloves)
MR       .....                  (no boots)
Stlth    +.........             (no amulet)
HPRegen  0.08/turn              (no ring)
MPRegen  0.10/turn              (no ring)

@: lethally poisoned (2 -> -3)
A: distributed training, fangs 1, strong nose
a: no special abilities


You were on level 1 of the Dungeon.
You were not hungry.

You visited 1 branch of the dungeon, and saw 2 of its levels.

You collected 8 gold pieces.

Inventory:

Hand Weapons
 a - a +0 spear (weapon)
Armour
 b - a +0 leather armour (worn)
Comestibles
 d - 2 rations


   Skills:
 + Level 4.5 Fighting
 + Level 0.5 Short Blades
 + Level 0.5 Long Blades
 + Level 0.5 Axes
 + Level 0.5 Maces & Flails
 + Level 4.5 Polearms
 + Level 0.5 Staves
 + Level 0.5 Slings
 + Level 0.5 Bows
 + Level 0.5 Crossbows
 + Level 0.5 Throwing
 + Level 2.5 Armour
 + Level 4.5 Dodging
 + Level 0.5 Stealth
 + Level 0.5 Shields
 + Level 0.5 Unarmed Combat
 + Level 4.9 Spellcasting
 + Level 0.3 Conjurations
 + Level 0.3 Hexes
 + Level 5.3 Charms
 + Level 0.3 Summonings
 + Level 0.3 Necromancy
 + Level 0.3 Translocations
 + Level 0.3 Transmutations
 + Level 0.3 Fire Magic
 + Level 0.3 Ice Magic
 + Level 0.3 Air Magic
 + Level 0.3 Earth Magic
 + Level 0.3 Poison Magic
 + Level 0.6 Invocations
 + Level 0.5 Evocations


You had 5 spell levels left.
You knew the following spells:

 Your Spells              Type           Power        Failure   Level  Hunger
g - Shroud of Golubria    Chrm/Tloc      ##........   10%         2    ##.....
i - Infusion              Chrm           ###.         2%          1    None
y - Song of Slaying       Chrm           ###.....     3%          2    ##.....

Your spell library contained the following spells:

 Spells                   Type           Power        Failure   Level  Hunger
 Regeneration             Chrm/Necr      ##........   19%         3    ###....
 Spectral Weapon          Hex/Chrm       ##......     19%         3    ###....


Dungeon Overview and Level Annotations

Branches:
Dungeon (2/15)

Altars:

Annotations:
D:2 Robin


Innate Abilities, Weirdness & Mutations

Your experience applies equally to all skills.
You have very sharp teeth.
Your uncanny sense of smell can sniff out nearby items.


Message History

The bat hits you but does no damage.
Attack whom?
Press: ? - help, Dir - move target cursor, f - bat
Aim: a bat You reach to attack!
You hit the goblin.
The goblin is moderately wounded.
The bat barely misses you.
Attack whom?
Press: ? - help, Dir - move target cursor, f/p - goblin
Aim: a goblin (moderately wounded)
You reach to attack!
You hit the goblin.
You kill the goblin!
The bat completely misses you.
A hobgoblin comes into view.
You hit the bat but do no damage.
Your magical infusion is running out.
The bat misses you.
Unknown command.
Attack whom?
Press: ? - help, Dir - move target cursor, f - bat
Aim: a bat You reach to attack!
You hit the bat but do no damage. The bat hits you.
* * * LOW HITPOINT WARNING * * *
A goblin comes into view.
A kobold comes into view.
The bat hits you.
* * * LOW HITPOINT WARNING * * *
Unknown command.
The goblin shouts!
The kobold shouts!
You hit the bat!
You kill the bat!
You hear a shout! x2; You hear an angry hiss.
Unknown command.
You hit the kobold.
You kill the kobold!
Attack whom?
Press: ? - help, Dir - move target cursor, f - hobgoblin
Aim: a hobgoblin You reach to attack!
You hit the hobgoblin.
You kill the hobgoblin!
Attack whom?
Press: ? - help, Dir - move target cursor, f - goblin
Aim: a goblin You reach to attack!
You hit the goblin but do no damage. You hit the goblin.
The goblin is moderately wounded.
You hit the goblin.
You kill the goblin!
You are no longer magically infusing your attacks.
An adder, 2 goblins and Robin come into view.
Robin shouts!
The goblin shouts!
The adder hisses angrily.
A goblin comes into view. It is wielding a +0 club.
Robin roars a battlecry!
The goblins go into a battle-frenzy!
There is an open door here.
Things that are here:
a kobold corpse; a bat corpse Unknown command.
You aren't carrying any scrolls.
Unknown command.
It was a potion of curing.
You feel better.
A hobgoblin comes into view. It is wielding a +0 club.
The adder misses you.
A goblin comes into view. It is wielding a +0 club.
A goblin comes into view. It is wielding a +0 dagger.
The adder bites you.
* * * LOW HITPOINT WARNING * * *
Unknown command.
The adder closely misses you.
There is a stone staircase leading up here.
The adder bites you.
* * * LOW HITPOINT WARNING * * *
You climb upwards.
The kobold barely misses you.
There is a stone staircase leading down here.
Unknown command.
You closely miss the kobold. The adder closely misses you.
The kobold closely misses you.
You hit the kobold but do no damage. The adder bites you but does no damage.
The kobold closely misses you. The adder closely misses you.
You hit the kobold.
The kobold is heavily wounded.
The kobold hits you.
* * * LOW HITPOINT WARNING * * *
The adder bites you but does no damage.
You hit the kobold but do no damage.
The kobold is heavily wounded.
The adder bites you.
* * * LOW HITPOINT WARNING * * *
The kobold completely misses you.
You barely miss the kobold.
The kobold is heavily wounded.
The adder bites you.
* * * LOW HITPOINT WARNING * * *
You are lethally poisoned!
The adder poisons you! The kobold closely misses you.
You hit the kobold.
You kill the kobold!
* * * LOW HITPOINT WARNING * * *
You feel sick. The adder barely misses you.
Are you sure you want to abandon this character and quit the game? (Confirm with "yes".)

....... ......
.......# .......
.......##....... .
#............# .l
..##............##...
..............(......
.........†...........
#........@.........#
#.........S........##
.....................
.....................
..##............##..
#............##...
........##.........#
........##.........#
....................#


You could see an adder.

Vanquished Creatures
  An ooze (D:2)
  A dart slug (D:2)
  3 goblins (D:2)
  2 hobgoblins (D:2)
  2 kobolds
  2 bats (D:2)
11 creatures vanquished.

Notes
Turn   | Place    | Note
-------+----------+-------------------------------------------
     0 | D:1      | tidbits the Gnoll Skald began the quest for the Orb.
     0 | D:1      | Reached XP level 1. HP: 20/20 MP: 6/6
    28 | D:2      | Reached XP level 2. HP: 11/26 MP: 0/7
    32 | D:2      | Learned a level 2 spell: Song of Slaying
    35 | D:2      | Learned a level 2 spell: Shroud of Golubria
    55 | D:2      | Noticed Robin
    69 | D:1      | HP: 3/26 [adder (4)]
    71 | D:1      | Quit the game

Action                   || total
-------------------------++-------
Melee: Spear             ||    26
       Bite              ||     1
 Cast: Infusion          ||     1
  Use: Potion            ||     1
Armor: Leather armour    ||     5
Dodge: Dodged            ||    17

Table legend:
 A = Turns spent in this place as a percentage of turns spent in the entire game.
 B = Non-inter-level travel turns spent in this place as a percentage of non-inter-level travel turns spent in the entire game.
 C = Inter-level travel turns spent in this place as a percentage of turns spent in this place.
 D = Turns resting spent in this place as a percentage of non-inter-level travel turns spent in this place.
 E = Turns spent auto-exploring this place as a percentage of non-inter-level travel turns spent in this place.
 F = Non-inter-level travel turns spent in this place divided by the number of levels of this place that you've seen.
                   A       B       C       D       E      F
               +-------+-------+-------+-------+-------+----------------------
         Total | 100.0 | 100.0 |   0.0 |   0.0 |   0.0 |  35.5
       Dungeon | 100.0 | 100.0 |   0.0 |   0.0 |   0.0 |  35.5
               +-------+-------+-------+-------+-------+----------------------

Table legend:
 A = Kills in this place as a percentage of kills in entire the game.
 B = Kills by you in this place as a percentage of kills by you in the entire game.
 C = Kills by friends in this place as a percentage of kills by friends in the entire game.
 D = Other kills in this place as a percentage of other kills in the entire game.
 E = Experience gained in this place as a percentage of experience gained in the entire game.
 F = Experience gained in this place divided by the number of levels of this place that you have seen.
                   A       B       C       D       E      F
               +-------+-------+-------+-------+-------+----------------------
         Total | 100.0 | 100.0 |   N/A |   N/A | 100.0 |  13.0
       Dungeon | 100.0 | 100.0 |   N/A |   N/A | 100.0 |  13.0
               +-------+-------+-------+-------+-------+----------------------

Levels and vault maps discovered:
D:1:      dpeg_arrival_stonehenge_8_columns, layout_loops_ring
D:2:      layout_rooms, grunt_ministairs_14, interstate_on_off,
          lemuel_blue_sif_altar, uniq_robin
